 Dungeon Crawl Stone Soup version 0.27-a0-679-g77a6b55cf3 (webtiles) character file.

Game seed: 8658210758705406608

182 kae the Ruffian (level 5, 0/45 HPs)
             Began as a Naga Transmuter on Mar 18, 2021.
             Succumbed to Crazy Yiuf's poison
             ... on level 2 of the Dungeon.
             The game lasted 00:02:28 (3755 turns).

kae the Ruffian (Naga Transmuter)                   Turns: 3755, Time: 00:02:28

Health: 0/45       AC:  2    Str: 13    XL:     5   Next: 61%
Magic:  4/8        EV: 10    Int: 14    God:
Gold:   92         SH:  0    Dex: 17    Spells: 4/8 levels left

rFire    . . .     SeeInvis +     - Unarmed
rCold    . . .     Faith    .   (no shield)
rNeg     . . .     Spirit   .   a - +0 robe
rPois    +         Reflect  .   (no helmet)
rElec    .         Harm     .   (no cloak)
rCorr    .         Rampage  .   (no gloves)
Will     .....                  (no barding)
Stlth    +.........             (no amulet)
HPRegen  0.15/turn              c - ring of wizardry
MPRegen  0.11/turn              b - +6 ring of dexterity

@: confused, lethally poisoned (0 -> -14), very slow
A: AC +1, large, see invisible, deformed body, poison resistance, slowness 2,
spit poison 1, naga tail 1
a: Spit Poison


You were on level 2 of the Dungeon.
You visited 1 branch of the dungeon, and saw 2 of its levels.

You collected 92 gold pieces.

Inventory:

Armour
 a - a +0 robe (worn)
Jewellery
 b - a +6 ring of dexterity (left hand)
 c - a ring of wizardry (right hand)
Wands
 e - a wand of random effects (21)
Scrolls
 d - a scroll of enchant weapon


   Skills:
 + Level 1.9 Fighting
 + Level 2.2 Dodging
 * Level 4.0 Unarmed Combat
 + Level 2.4 Spellcasting
 * Level 3.2 Transmutations
 * Level 2.2 Poison Magic


You had 4 spell levels left.
You knew the following spells:

 Your Spells              Type           Power      Damage    Failure   Level
a - Beastly Appendage     Tmut           20%        N/A       2%          1
b - Spider Form           Tmut/Pois      4%         N/A       9%          3

Your spell library contained the following spells:

 Spells                   Type           Power      Damage    Failure   Level
 Wereblood                Tmut           10%        N/A       4%          2
 Ice Form                 Ice/Tmut       6%         N/A       41%         4
 Blade Hands              Tmut           5%         N/A       52%         5


Dungeon Overview and Level Annotations

Branches:
Dungeon (2/15)

Altars:


Innate Abilities, Weirdness & Mutations

Your serpentine skin is tough. (AC +1)
You have supernaturally acute eyesight. (SInv)
Armour fits poorly on your strangely shaped body.
Your system is resistant to poisons. (rPois)
You cover ground very slowly.
You can spit poison.
You have a snake-like lower body.


Message History

You hit Jessica.
Jessica is severely wounded.
* * * LOW HITPOINT WARNING * * *
You feel sick.
You kill Jessica!
Your Unarmed Combat skill increases to level 4!
There is a lethal amount of poison in your body!
There is a lethal amount of poison in your body!
You aren't carrying any potions.
You aren't carrying any potions.
* * * LOW HITPOINT WARNING * * *
You feel sick.
There is an open translucent door here.
Things that are here:
a +4 quarterstaff of chaos; a +0 cloak; the gnoll corpse of Crazy Yiuf
Okay, then.
Okay, then.
Okay, then.
Aiming: Random Effects
Press: ? - help, Shift-Dir - straight line, f - you That beam is likely to hit you.
Continue anyway?
You are confused.
* * * LOW HITPOINT WARNING * * *
You feel sick.
* * * LOW HITPOINT WARNING * * *
You feel sick.
* * * LOW HITPOINT WARNING * * *
You feel sick.
Your transformation has ended.
Your +0 robe unmelds from your body.
* * * LOW HITPOINT WARNING * * *
You feel sick.
You are too confused!
You are a level 5 Naga Transmuter.
You are 61% of the way to level 6.
Play time: 00:02:27 (3754 turns).
Zot will find you in 7859 turns if you stay in this branch and explore no new floors.
Unknown command.
* * * LOW HITPOINT WARNING * * *
You feel sick.
You die...

#.........# #.#
#.#.#.#
#.........# #.#
#.#.#.#
#.........# #.#
#.#.#.#
########### ###
#.#.#.# #....<#
######## ####
♣♣##.......
#)..#♣♣
♣♣.#...#####
#...@.♣♣♣♣......#
#...#♣).♣......##
#### ♣♣♣.♣..#.##
♣♣♣♣♣###


There were no monsters in sight!

Vanquished Creatures
  Crazy Yiuf (D:2)
  Jessica (D:2)
  Robin (D:2)
  4 adders (D:2)
  A worm (D:2)
  2 dart slugs (D:1)
  3 leopard geckos
  A giant cockroach (D:1)
  9 goblins
  14 hobgoblins
  7 jackals
  2 quokkas
  4 bats
  5 frilled lizards
  6 kobolds
  7 rats
68 creatures vanquished.

Notes
Turn   | Place    | Note
-------+----------+-------------------------------------------
     0 | D:1      | kae the Naga Transmuter began the quest for the Orb.
     0 | D:1      | Reached XP level 1. HP: 18/18 MP: 3/3
   118 | D:1      | Reached XP level 2. HP: 3/25 MP: 3/5
   907 | D:1      | Reached XP level 3. HP: 19/31 MP: 4/6
  1699 | D:2      | Learned a level 3 spell: Spider Form
  2105 | D:2      | Reached XP level 4. HP: 21/38 MP: 5/7
  2467 | D:2      | Reached skill level 1 in Poison Magic
  2862 | D:2      | Noticed Robin
  2871 | D:2      | Killed Robin
  3255 | D:2      | Reached XP level 5. HP: 45/45 MP: 4/8
  3377 | D:2      | Found a runed translucent door.
  3378 | D:2      | Noticed Crazy Yiuf
  3380 | D:2      | Noticed Jessica
  3744 | D:2      | Killed Crazy Yiuf
  3748 | D:2      | Killed Jessica
  3749 | D:2      | Reached skill level 4 in Unarmed Combat
  3754 | D:2      | HP: 2/45 [poisoned by Crazy Yiuf]
  3755 | D:2      | Succumbed to Crazy Yiuf's poison

Illustrated notes

Levels and vault maps discovered:
D:1:      minmay_arrival_stone_box, layout_rooms
D:2:      layout_basic, uniq_crazy_yiuf_cottage, uniq_jessica, uniq_robin

Skill      XL: |  1  2  3  4  5 |
---------------+----------------+-----
Dodging        | 2 |  2.2
Poison Magic   | 1 2 |  2.2
Transmutations | 3 |  3.2
Unarmed Combat | 4 |  4.0
Fighting       | |  1.9
Spellcasting   | |  2.4

Action                   |  1- 3 |  4- 6 || total
-------------------------+-------+-------++-------
Melee: Unarmed           |   126 |    73 ||   199
       Headbutt          |     9 |     2 ||    11
 Cast: Beastly Appendage |    21 |     6 ||    27
       Spider Form       |       |     9 ||     9
 Abil: Spit Poison       |    27 |     5 ||    32
Evoke: Wand              |       |     1 ||     1
  Use: Potion            |     1 |       ||     1
       Scroll            |     2 |     1 ||     3
Armor: Robe              |    21 |     3 ||    24
Dodge: Dodged            |    81 |    43 ||   124

Table legend: (Time is in decaauts)
 A = Elapsed time spent in this place.
 B = Non-inter-level travel time spent in this place.
 C = Inter-level travel time spent in this place.
 D = Time resting spent in this place.
 E = Time spent auto-exploring this place.
 F = Levels seen in this place.
 G = Mean time per level.
                   A        B        C        D        E       F      G
               +--------+--------+--------+--------+--------+-----+--------+
         Total |   4141 |   4130 |     11 |    224 |   3389 |   2 | 2070.5 |
       Dungeon |   4141 |   4130 |     11 |    224 |   3389 |   2 | 2070.5 |
               +--------+--------+--------+--------+--------+-----+--------+

Top non-repeatable levels by time:
     D:2: 2320 daAuts
     D:1: 1821 daAuts
